 Dungeon Crawl Stone Soup version 0.26-a0-1177-g1209ec82b9 (webtiles) character file.

Game seed: 16356767776719238178

495178 dolemite99 the Slayer (level 24, -4/228 HPs)
             Began as a Hill Orc Fighter on Dec 25, 2020.
             Was an Initiate of Gozag.
             Slain by a bone dragon (11 damage)
             ... on level 8 of a ziggurat.
             The game lasted 02:15:55 (73670 turns).

dolemite99 the Slayer (Hill Orc Fighter)           Turns: 73670, Time: 02:15:56

Health: -4/228     AC: 28    Str: 32    XL:     24   Next: 80%
Magic:  23/23      EV:  9    Int: 10    God:    Gozag
Gold:   1924       SH: 16    Dex: 18    Spells: 23/23 levels left

rFire    + + +     SeeInvis +   a - +9 broad axe (flame)
rCold    + + .     Faith    .   y - +1 kite shield "Cuetiof" {rF+ rC+ Regen+ Dex+4}
rNeg     + + .     Spirit   .   F - +9 plate armour {rF+}
rPois    .         Reflect  .   e - +2 helmet {SInv}
rElec    .         Harm     .   M - +2 cloak {rF+}
rCorr    .         Rampage  +   p - +0 pair of gloves of Cowardice {rC+ Dex+2}
Will     ++++.     Clarity  +   k - +2 pair of boots {rampage}
Stlth    ..........             G - amulet of the Four Winds {rN+ Will+++ Clar}
HPRegen  0.88/turn              z - +6 ring of strength {=R}
MPRegen  0.18/turn              f - ring "Alonik" {rF+ rN+ SInv}

@: mighty, lethally poisoned (-4 -> -11), corroded, gold aura, slowed, very slow
A: no striking features
}: 3/15 runes: serpentine, barnacled, silver
a: Renounce Religion, Potion Petition, Call Merchant, Bribe Branch


You were on level 8 of a ziggurat.
You worshipped Gozag.
Gozag was most pleased with you.
You visited 9 branches of the dungeon, and saw 46 of its levels.
You visited 1 bazaar.
You visited 1 ziggurat, and saw 8 of its levels.
You also visited: Bailey and Volcano.

You collected 32782 gold pieces.
You spent 6533 gold pieces at shops.
You paid 24325 gold pieces to Gozag.

Inventory:

Hand Weapons
 a - a +9 broad axe of flaming (weapon)
 b - a +6 fustibalus of freezing
 L - a +5 broad axe of electrocution
Missiles
 j - 37 poisoned darts (quivered)
 n - 112 sling bullets
 o - 21 silver javelins
 Q - 40 javelins
Armour
 e - a +2 helmet of see invisible (worn)
 k - a +2 pair of boots of rampaging (worn)
 p - the +0 pair of gloves of Cowardice (worn) {rC+ Dex+2}
   (You bought it in a shop on level 2 of the Vaults)

   It affects your dexterity (+2).
   It protects you from cold.
 y - the +1 kite shield "Cuetiof" (worn) {rF+ rC+ Regen+ Dex+4}
   (You bought it in a shop on level 8 of the Dungeon)

   It affects your dexterity (+4).
   It protects you from fire.
   It protects you from cold.
   It increases your rate of regeneration.
 A - the +1 cloak "Goyrany" {Will+++}
   (You found it on level 2 of the Depths)

   It affects your willpower, your defense against some magical effects.
 F - a +9 plate armour of fire resistance (worn)
 M - a +2 cloak of fire resistance (worn)
Magical Staves
 x - an uncursed staff of air
Jewellery
 f - the ring "Alonik" (right hand) {rF+ rN+ SInv}
   (You bought it in a shop on level 3 of the Elven Halls)

   [ring of protection from fire]

   It protects you from fire.
   It protects you from negative energy.
   It lets you see invisible.
 g - the ring of the Kraken {rPois MP+9 Dex-4 SInv}
   (You bought it in a shop on level 3 of the Lair of Beasts)

   [ring of magical power]

   It affects your dexterity (-4).
   It protects you from poison.
   It affects your magic capacity (+9).
   It lets you see invisible.
 z - a +6 ring of strength (left hand) {=R}
 G - the amulet of the Four Winds (around neck) {rN+ Will+++ Clar}
   (You bought it in a shop in a bazaar)

   [amulet of nothing]

   It protects you from negative energy.
   It affects your willpower, your defense against some magical effects.
   It protects you against confusion.
 S - the ring "Zuad" {rN+ MP+9 Str+4}
   (You took it off a deep elf sorcerer on level 3 of the Elven Halls)

   [ring of magical power]

   It affects your strength (+4).
   It protects you from negative energy.
   It affects your magic capacity (+9).
 X - an uncursed ring of protection from fire
Wands
 c - a wand of paralysis (25)
 I - a wand of enslavement (34)
 J - a wand of iceblast (10)
 N - a wand of digging (37)
 R - a wand of acid (25)
 U - a wand of disintegration (8)
Scrolls
 d - a scroll of silence
 h - 9 scrolls of magic mapping
 i - 22 scrolls of teleportation
 r - 27 scrolls of remove curse {@r2}
 t - 9 scrolls of fear
 v - 10 scrolls of blinking
 D - a scroll of identify {@r1}
 Y - 11 scrolls of fog
 Z - 2 scrolls of summoning
Potions
 l - 15 potions of flight
 m - a potion of mutation
 u - 10 potions of brilliance
 w - 3 potions of heal wounds
 B - 2 potions of cancellation
 C - 6 potions of might
 E - 20 potions of curing
 K - 7 potions of berserk rage
 O - 10 potions of haste
 P - 3 potions of resistance
Miscellaneous
 q - a phial of floods (inert)
 s - a tin of tremorstones (inert)
 H - a condenser vane (inert)
 T - a lightning rod (4/4)
 V - a box of beasts
 W - a phantom mirror (inert)


   Skills:
 + Level 21.3 Fighting
 - Level 17.7(18.0) Axes
 - Level 4.7(11.2) Maces & Flails
 - Level 16.5(17.3) Slings
 - Level 9.5(14.0) Throwing
 + Level 18.7 Armour
 - Level 15.0 Shields
 - Level 20.0 Evocations


You had 23 spell levels left.
You didn't know any spells.
Your spell library contained the following spells:

 Spells                   Type           Power        Failure   Level
 Animate Skeleton         Necr           0%           83%         1
 Beastly Appendage        Tmut           0%           83%         1
 Corona                   Hex            0%           83%         1
 Foxfire                  Conj/Fire      0%           83%         1
 Freeze                   Ice            0%           83%         1
 Magic Dart               Conj           0%           83%         1
 Pain                     Necr           0%           83%         1
 Sandblast                Erth           0%           83%         1
 Shock                    Conj/Air       0%           83%         1
 Sting                    Tmut/Pois      0%           83%         1
 Blink                    Tloc           N/A          93%         2
 Call Imp                 Summ           0%           93%         2
 Corpse Rot               Necr/Air       N/A          93%         2
 Passwall                 Tmut/Erth      0%           93%         2
 Poisonous Vapours        Pois/Air       0%           93%         2
 Searing Ray              Conj           0%           93%         2
 Slow                     Hex            0%           93%         2
 Swiftness                Air            0%           93%         2
 Wereblood                Tmut           0%           93%         2
 Confusing Touch          Hex            0%           99%         3
 Conjure Flame            Conj/Fire      0%           99%         3
 Dazzling Flash           Conj/Hex       0%           99%         3
 Frozen Ramparts          Ice            0%           99%         3
 Gell's Gravitas          Tloc           0%           99%         3
 Ignite Poison            Fire/Tmut/Pois 0%           99%         3
 Inner Flame              Hex/Fire       0%           99%         3
 Lesser Beckoning         Tloc           0%           99%         3
 Mephitic Cloud           Conj/Pois/Air  0%           99%         3
 Ozocubu's Armour         Ice            0%           99%         3
 Portal Projectile        Hex/Tloc       0%           99%         3
 Spider Form              Tmut/Pois      0%           99%         3
 Static Discharge         Conj/Air       0%           99%         3
 Stone Arrow              Conj/Erth      0%           99%         3
 Summon Guardian Golem    Hex/Summ       0%           99%         3
 Vampiric Draining        Necr           0%           99%         3
 Airstrike                Air            0%           100%        4
 Animate Dead             Necr           0%           100%        4
 Cause Fear               Hex            0%           100%        4
 Dispel Undead            Necr           0%           100%        4
 Fulminant Prism          Conj/Hex       0%           100%        4
 Hailstorm                Conj/Ice       0%           100%        4
 Ice Form                 Ice/Tmut       0%           100%        4
 Iskenderun's Mystic Bla  Conj/Tloc      0%           100%        4
 Leda's Liquefaction      Hex/Erth       0%           100%        4
 Olgreb's Toxic Radiance  Pois           0%           100%        4
 Petrify                  Tmut/Erth      0%           100%        4
 Sticky Flame             Conj/Fire      0%           100%        4
 Summon Ice Beast         Ice/Summ       0%           100%        4
 Summon Lightning Spire   Summ/Air       0%           100%        4
 Agony                    Necr           0%           100%        5
 Alistair's Intoxication  Tmut/Pois      0%           100%        5
 Blade Hands              Tmut           0%           100%        5
 Bolt of Magma            Conj/Fire/Erth 0%           100%        5
 Borgnjor's Vile Clutch   Necr/Erth      0%           100%        5
 Fireball                 Conj/Fire      0%           100%        5
 Irradiate                Conj/Tmut      0%           100%        5
 Iskenderun's Battlesphe  Conj           0%           100%        5
 Lee's Rapid Deconstruct  Erth           0%           100%        5
 Lightning Bolt           Conj/Air       0%           100%        5
 Metabolic Englaciation   Hex/Ice        0%           100%        5
 Silence                  Hex/Air        0%           100%        5
 Summon Forest            Summ/Tloc      0%           100%        5
 Summon Mana Viper        Hex/Summ       0%           100%        5
 Yara's Violent Unravell  Hex/Tmut       0%           100%        5
 Conjure Ball Lightning   Conj/Air       0%           100%        6
 Death Channel            Necr           0%           100%        6
 Dispersal                Tloc           0%           100%        6
 Freezing Cloud           Conj/Ice/Air   0%           100%        6
 Hydra Form               Tmut           0%           100%        6
 Iron Shot                Conj/Erth      0%           100%        6
 Simulacrum               Ice/Necr       0%           100%        6
 Starburst                Conj/Fire      0%           100%        6
 Statue Form              Tmut/Erth      0%           100%        6
 Dragon Form              Tmut           0%           100%        7
 Haunt                    Necr/Summ      0%           100%        7
 Orb of Destruction       Conj           0%           100%        7
 Spellforged Servitor     Conj/Summ      0%           100%        7
 Borgnjor's Revivificati  Necr           0%           100%        8
 Disjunction              Tloc           0%           100%        8
 Ignition                 Fire           0%           100%        8
 Infestation              Necr           0%           100%        8
 Necromutation            Tmut/Necr      0%           100%        8
 Death's Door             Necr           0%           100%        9
 Dragon's Call            Summ           0%           100%        9
 Shatter                  Erth           0%           100%        9
 Tornado                  Air            0%           100%        9


Dungeon Overview and Level Annotations

Branches:
Dungeon (15/15)            Temple (0/1) D:6            Lair (6/6) D:10
 Shoals (4/4) Lair:4        Snake (4/4) Lair:2        Slime (0/5) Lair:5
    Orc (2/2) D:11            Elf (3/3) Orc:2        Vaults (5/5) D:14
  Crypt (0/3) Vaults:2     Depths (5/5) D:15            Zot (2/5) Depths:5
 Bailey (visited)         Volcano (visited)

Altars:
Ashenzari
Cheibriados
Fedhas
Gozag
Kikubaaqudgha
Makhleb
Okawaru
Qazlal
Ru
Sif Muna
Uskayaw
Vehumet
Wu Jian
Yredelemnul
Zin
Beogh
Lugonu

Shops:
D:8 [   D:14 !   Orc:2 (*!=   Elf:2 [   Elf:3 }==   Lair:3 =   Shoals:2 (:=!
Snake:1 =   Vaults:1 *!(   Vaults:2 [   Vaults:4 ?=   Depths:1 (   Depths:3 [!

Portals:
Hell: Lair:6 Depths:1 Depths:2 Depths:3 Depths:4 Depths:5
Abyss: Depths:1 Depths:4
Pandemonium: Depths:1 Depths:2 Depths:3
Trove: Vaults:3 (give +7 demon trident)

Annotations:
D:10 2 transporters, vvl's ghost, novice TrTm
Lair:5 exclusion: 4 oklob plants
Shoals:1 Louise
Elf:2 2 runed translucent doors
Vaults:2 Asterion
Vaults:3 1 runed translucent door, rgaf's ghost, adept FoFi


Message History

* * * LOW HITPOINT WARNING * * *
You are more poisoned.
The bone dragon bites you!
* * * LOW HITPOINT WARNING * * *
The bone dragon misses you.
The bone dragon tramples you but does no damage.
The rust devil hits you. The rust devil corrodes you!
You feel much better.
You feel very sick.
The tormentor becomes distracted by the nearby gold, dreaming of imaginary riches.
You block the wraith's attack. The tormentor closely misses you.
You block the tormentor's attack.
The reaper hits you with a +4 scythe of flaming!
* * * LOW HITPOINT WARNING * * *
The reaper burns you.
* * * LOW HITPOINT WARNING * * *
The bone dragon bites you but does no damage.
The bone dragon claws you!
You die...
Your body crumbles into a pile of gold.

▓▓▓▓▓▓▓▓▓▓▓
▓▓.........▓▓
▓▓§§.........▓▓
▓▓§Z§§.........▓▓
▓▓2242§..........▓▓
▓§22@§§.........∩.▓
▓▓§WDZ§..........▓▓
▓▓§§§§.........▓▓
▓▓...........▓▓
▓▓.........▓▓
▓▓▓▓▓▓▓▓▓▓▓


You could see a bone dragon, 2 reapers, a rust devil, 3 tormentors, a wraith, a
golden dragon zombie and a titan zombie.

Vanquished Creatures
  2 ancient liches
  A pandemonium lord (Zig:2)
  Sojobo (Vaults:2)
  A curse toe (Zot:2)
  10 golden dragons
  the Enchantress (Depths:1)
  An electric golem (Zot:2)
  A hellephant (Zig:3)
  5 tentacled monstrosities
  3 liches
  4 deep elf blademasters (Elf:3)
  2 titans
  4 sphinxes
  4 deep elf master archers (Elf:3)
  10 shadow dragons
  A death cob (Zot:2)
  4 draconian monks
  2 tengu reavers (Vaults:2)
  A storm dragon (Vaults:5)
  The ghost of Vatovie the Impaler, a journeyman MiBe of Trog (Elf:1)
  5 fire giants
  6 deep elf sorcerers
  A draconian knight (Depths:5)
  2 balrugs
  An iron dragon (Depths:3)
  10 frost giants
  8 vault wardens
  13 ironheart preservers
  2 deep elf elementalists (Elf:3)
  A caustic shrike skeleton (Depths:5)
  A ghost moth (Zig:5)
  2 draconian annihilators
  4 spriggan defenders
  4 vampire knights
  22 very ugly things
  A reaper (Depths:3)
  2 green draconians
  The ghost of Wipuing the Fighter, a journeyman MiBe of Trog (D:13)
  18 stone giants
  2 war gargoyles (Vaults:5)
  7 deep elf annihilators
  4 purple draconians
  3 yellow draconians
  3 black draconians
  5 deep elf demonologists
  A white draconian (Depths:5)
  5 spark wasps
  A red draconian (Zot:1)
  11 ettins
  An ettin (shapeshifter) (Depths:2)
  The ghost of voltaire321 the Spear-Bearer, a journeyman MfGl of Wu Jian (Lair:3)
  5 deep elf death magi
  3 merfolk javelineers
  11 fire dragons
  A crystal guardian (Vaults:3)
  5 deep elf high priests
  7 ogre magi
  Josephine (D:12)
  4 great orbs of eyes
  A merfolk impaler (Shoals:3)
  23 vault guards
  7 yaktaur captains
  A rakshasa (Depths:2)
  Erolcha (D:12)
  16 hydras
  9 naga warriors
  6 boulder beetles
  7 ice dragons
  7 spriggan air magi
  6 centaur warriors
  2 death knights
  A merfolk avatar (Shoals:3)
  An anaconda (shapeshifter) (Vaults:5)
  2 alligator snapping turtles
  2 anacondas
  2 catoblepae
  22 two-headed ogres
  2 deep troll shamans
  5 tengu warriors
  14 death yaks
  5 deep troll earth magi
  3 naga sharpshooters (Snake:4)
  Urug (D:12)
  4 orc high priests (Orc:2)
  6 shock serpents
  10 deep elf knights
  A titan skeleton (Depths:3)
  8 spriggan berserkers
  4 unseen horrors
  2 salamander mystics
  2 skeletal warriors (Depths:5)
  8 hell knights
  6 sea snakes
  2 flayed ghosts
  A shadow wraith (Vaults:2)
  2 naga ritualists
  A glowing orange brain (shapeshifter) (Depths:4)
  A lindwurm (Lair:6)
  A gelid demonspawn (Depths:3)
  2 glowing orange brains
  2 obsidian statues (Zig:4)
  2 wizards
  12 deep trolls
  A phantasmal warrior (Vaults:3)
  6 harpies
  An orange crystal statue (Zig:4)
  A golden dragon skeleton (Depths:5)
  9 orc knights
  10 deep elf archers
  6 orb spiders
  8 mana vipers
  4 orc sorcerers
  5 wolf spiders
  24 deep elf magi
  7 ironbrand convokers
  5 necromancers
  39 ugly things
  9 moths of wrath
  7 fauns (Shoals:4)
  7 cyclopes
  A manticore (shapeshifter) (Vaults:5)
  16 manticores
  10 salamanders
  A frost giant skeleton (Depths:3)
  An ice statue (Zig:4)
  10 elephants (Lair:6)
  18 naga magi
  A sphinx skeleton (Depths:3)
  2 guardian serpents
  A torpor snail (Lair:6)
  16 black mambas
  Psyche (D:12)
  Joseph (D:9)
  6 vault sentinels
  A smoke demon (Lair:6)
  A water nymph (Shoals:4)
  3 orange demons
  A rust devil (Depths:2)
  Maggie (D:9)
  6 cane toads
  A hellion (Depths:1)
  2 gargoyles
  4 rime drakes
  9 komodo dragons
  A rime drake (shapeshifter) (Vaults:4)
  A kobold demonologist (D:14)
  24 yaktaurs
  A spriggan skeleton (Depths:3)
  6 freezing wraiths
  3 ice devils
  An efreet (D:15)
  2 hellwings (Depths:3)
  A tormentor (Zig:8)
  A demonic crawler (Zig:4)
  A spectral glowing shapeshifter (Depths:5)
  3 jumping spiders
  A red devil (Depths:1)
  7 tengu conjurers
  2 polar bears (Lair:6)
  12 trolls
  13 merfolk
  A wind drake (Shoals:2)
  7 hornets
  12 blink frogs
  Prince Ribbit (D:9)
  8 dream sheep
  A blink frog (shapeshifter) (D:12)
  14 slime creatures
  4 snapping turtles
  2 redbacks
  3 air elementals
  3 vampires
  7 spriggans
  23 yaks
  6 wyverns
  7 water elementals
  9 wraiths
  2 tarantellas (shapeshifter)
  A tarantella (Vaults:4)
  A fire bat (Volcano)
  3 fire elementals
  A steam dragon (Lair:2)
  4 basilisks
  A neqoxec (Depths:1)
  4 vampire mosquitoes (D:14)
  4 wargs
  A naga (shapeshifter) (Vaults:1)
  A soldier ant (D:12)
  A swamp worm (shapeshifter) (Depths:3)
  2 acid dragons
  4 hell hounds
  35 nagas
  4 sky beasts
  15 water moccasins
  38 orc warriors
  A sky beast (shapeshifter) (D:13)
  3 phantoms
  A black bear (Lair:2)
  7 ice beasts
  A black bear (shapeshifter) (Vaults:3)
  An eye of draining (D:12)
  An eye of draining (shapeshifter) (Depths:3)
  A necrophage (D:8)
  4 wolves (Lair:6)
  20 ogres
  5 boggarts (Depths:4)
  11 centaurs
  A big kobold (D:10)
  21 bullfrogs
  Blork the orc (D:6)
  An elf simulacrum (Vaults:1)
  6 scorpions
  16 killer bees
  26 wights
  4 howler monkeys
  4 electric eels
  3 lava snakes
  A bullfrog zombie (D:11)
  2 quasits (D:12)
  6 centaur skeletons
  7 hounds
  6 centaur zombies
  14 jellies
  Crazy Yiuf (D:7)
  23 orc priests
  2 bullfrog skeletons (D:4)
  A gnoll shaman (D:8)
  An iron imp (Zig:8)
  38 orc wizards
  2 iguanas
  2 hell rats
  13 worker ants
  3 wolf simulacra (Lair:2)
  4 yak simulacra (Lair:2)
  A polar bear simulacrum (Lair:2)
  11 gnolls
  16 adders
  A shadow imp (D:2)
  4 white imps
  3 ufetubi
  4 oozes
  An adder zombie (D:10)
  4 worms
  4 dart slugs
  10 leopard geckos
  134 orcs
  A ball python (D:6)
  4 giant cockroaches
  16 goblins
  11 hobgoblins
  7 jackals
  3 quokkas
  5 bats
  6 frilled lizards
  5 kobolds
  13 rats
  3 river rat simulacra (Lair:2)
  A bush (Lair:3)
  A fire vortex (D:15)
1574 creatures vanquished.

Vanquished Creatures (collateral kills)
  A pandemonium lord (Zig:6)
  A Brimstone Fiend (Zig:6)
  2 tentacled monstrosities (Vaults:5)
  Donald (Vaults:4)
  A draconian monk (Zot:1)
  A cacodemon (Zig:6)
  2 deep elf sorcerers
  A reaper (Zig:6)
  A draconian stormcaller (Zot:1)
  A war gargoyle (Zot:2)
  A stone giant (Vaults:5)
  A black draconian (Zot:1)
  2 entropy weavers
  A vampire knight (Depths:2)
  3 red draconians (Zot:1)
  A green draconian (Zot:1)
  2 purple draconians (Zot:1)
  5 deep elf annihilators
  A yellow draconian (Zot:1)
  3 white draconians (Zot:1)
  An ettin (Vaults:5)
  A crystal guardian (Vaults:2)
  A deep elf death mage (Vaults:5)
  A blizzard demon (Zig:6)
  A fire dragon (Zot:1)
  A merfolk impaler (Shoals:2)
  2 deep trolls
  A yaktaur captain (Vaults:1)
  3 naga warriors
  A boulder beetle (Vaults:1)
  6 vault guards
  4 ice dragons (Zot:1)
  An alligator snapping turtle (Shoals:2)
  2 two-headed ogres
  6 dancing weapons
  A satyr (Shoals:4)
  A naga sharpshooter (Snake:3)
  5 deep elf knights
  A sun demon (Lair:6)
  A salamander mystic (Snake:1)
  3 sea snakes
  2 wizards (Vaults:1)
  An unseen horror (Vaults:1)
  A glowing orange brain (Vaults:4)
  3 naga ritualists (Snake:4)
  7 harpies
  9 deep elf archers
  12 deep elf magi
  2 ironbrand convokers (Vaults:5)
  A wolf spider (Vaults:4)
  A mana viper (Snake:2)
  A moth of wrath (Zot:1)
  4 manticores
  4 ugly things (Vaults:1)
  A faun (Shoals:4)
  4 naga magi
  3 vault sentinels
  2 black mambas
  A guardian serpent (Snake:2)
  3 water nymphs
  3 orange demons (Lair:6)
  A hellion (Zig:6)
  2 yaktaurs (Vaults:2)
  4 wind drakes
  7 merfolk
  A hornet (Vaults:2)
  A dream sheep (Shoals:4)
  A large abomination (Zig:6)
  5 snapping turtles
  2 redbacks
  A hog (shapeshifter) (Elf:3)
  A yak (shapeshifter) (Vaults:4)
  13 nagas
  2 wargs
  A floating eye (shapeshifter) (Vaults:5)
  A hell hound (Lair:6)
  An ogre (Vaults:1)
  A centaur (Shoals:2)
  An earth elemental (Elf:1)
  6 orcs
193 creatures vanquished.

Vanquished Creatures (others)
  An ancient lich (Vaults:5)
  Nikola (Elf:3)
  3 tentacled monstrosities
  3 titans (Vaults:5)
  A lich (Vaults:5)
  3 sphinxes (Vaults:5)
  A shadow dragon (Vaults:5)
  The ghost of Cedruin the Warrior, an adept DrAr of Okawaru (Shoals:4)
  3 draconian monks (Zot:1)
  4 tengu reavers
  Roxanne (Shoals:4)
  3 nagarajas (Snake:4)
  A storm dragon (Zot:1)
  A fire giant (Vaults:5)
  2 frost giants
  A deep elf sorcerer (Elf:3)
  7 vault wardens
  A draconian stormcaller (Zot:1)
  An ironheart preserver (Vaults:3)
  3 stone giants
  2 draconian annihilators
  A war gargoyle (Zot:1)
  2 deep elf demonologists (Vaults:5)
  A green draconian (Zot:1)
  2 deep elf annihilators (Vaults:5)
  2 yellow draconians (Zot:1)
  3 merfolk impalers (Shoals:4)
  2 deep elf high priests (Vaults:5)
  A deep elf death mage (Elf:3)
  6 yaktaur captains
  2 fire dragons
  An ice dragon (Zot:1)
  A hydra (Elf:2)
  A great orb of eyes (Vaults:3)
  7 vault guards
  A salamander (Snake:4)
  A centaur warrior (Vaults:1)
  A death knight (Vaults:1)
  A merfolk avatar (Shoals:2)
  2 merfolk aquamancers (Shoals:4)
  5 ogre magi
  6 two-headed ogres
  A satyr (Shoals:4)
  22 dancing weapons
  An orc high priest (Elf:1)
  5 naga sharpshooters
  4 deep elf knights
  4 orc knights
  A troll (Vaults:5)
  5 deep trolls
  7 ironbrand convokers
  A wizard (Vaults:3)
  9 deep elf archers
  2 naga ritualists (Snake:4)
  9 harpies
  2 phantasmal warriors (Vaults:5)
  A mana viper (Snake:4)
  9 fauns
  2 ugly things (Vaults:1)
  A manticore (Shoals:2)
  24 deep elf magi
  3 cyclopes
  6 vault sentinels
  2 merfolk sirens
  A black mamba (Snake:4)
  4 water nymphs
  A black mamba (shapeshifter) (Vaults:4)
  10 naga magi
  15 merfolk
  10 yaktaurs
  A wind drake (Shoals:2)
  A slime creature (Vaults:3)
  A dream sheep (Shoals:4)
  A warg (Vaults:1)
  An acid dragon (Vaults:2)
  8 nagas (Snake:4)
  2 orc warriors
  4 ogres
  A centaur (Volcano)
  A wyvern zombie (D:12)
  3 orc priests
  2 orc wizards (Vaults:1)
  6 orcs
  2 kobolds (D:10)
  33 fungi
  184 plants
506 creatures vanquished.

Grand Total: 2273 creatures vanquished

Notes
Turn   | Place    | Note
-------+----------+-------------------------------------------
     0 | D:1      | dolemite99 the Hill Orc Fighter began the quest for the
                  | Orb.
     0 | D:1      | Reached XP level 1. HP: 19/19 MP: 1/1
   118 | D:1      | Reached XP level 2. HP: 26/26 MP: 2/2
   528 | D:1      | Reached XP level 3. HP: 31/31 MP: 3/3
   893 | D:2      | Reached skill level 5 in Axes
   938 | D:2      | Reached XP level 4. HP: 27/39 MP: 4/4
  2103 | D:2      | Reached XP level 5. HP: 45/45 MP: 5/5
  2128 | D:2      | Found a faded altar of an unknown god.
  2280 | D:2      | Found a shimmering blue altar of Sif Muna.
  2483 | D:3      | Reached skill level 1 in Maces & Flails
  3375 | D:4      | Got a masterwork hunting sling
  3409 | D:4      | Identified the +3 hunting sling of the Dungeon {venom,
                  | *Drain rF+ Str+2 Dex+2} (You found it on level 4 of the
                  | Dungeon)
  3424 | D:4      | Found an opulent altar of Gozag.
  3426 | D:4      | Noticed an ogre
  3440 | D:4      | Killed an ogre
  3441 | D:4      | Reached XP level 6. HP: 16/38 MP: 6/6
  3784 | D:5      | Entered Level 5 of the Dungeon
  4010 | D:4      | Became a worshipper of Gozag Ym Sagoz the Greedy
  4383 | D:4      | Reached XP level 7. HP: 46/53 MP: 7/7
  5190 | D:5      | Found a stormy altar of Qazlal.
  5405 | D:5      | Reached skill level 10 in Axes
  5408 | D:5      | Reached XP level 8. HP: 63/64 MP: 8/8
  5873 | D:6      | Noticed Blork the orc
  5892 | D:6      | Killed Blork the orc
  7349 | D:6      | Found a staircase to the Ecumenical Temple.
  7638 | D:7      | Reached skill level 5 in Armour
  7785 | D:7      | Reached XP level 9. HP: 71/71 MP: 9/9
  8234 | D:7      | Found a runed translucent door.
  8235 | D:7      | Noticed Crazy Yiuf
  8243 | D:7      | Killed Crazy Yiuf
  8403 | D:8      | Reached skill level 5 in Shields
  8726 | D:8      | Bought a polished kite shield for 190 gold pieces
  8737 | D:8      | Identified the +1 kite shield "Cuetiof" {rF+ rC+ Regen+
                  | Dex+4} (You bought it in a shop on level 8 of the Dungeon)
  8763 | D:8      | Found a hide-covered altar of Uskayaw.
  9080 | D:8      | Found an iron altar of Okawaru.
  9377 | D:9      | Found a radiant altar of Vehumet.
  9377 | D:9      | Found an ornate altar of the Wu Jian Council.
  9377 | D:9      | Found a glowing silver altar of Zin.
  9378 | D:9      | Found a burning altar of Makhleb.
  9378 | D:9      | Found a snail-covered altar of Cheibriados.
  9389 | D:9      | Found a blossoming altar of Fedhas.
  9390 | D:9      | Found a basalt altar of Yredelemnul.
  9393 | D:9      | Found a sacrificial altar of Ru.
  9461 | D:9      | Noticed a two-headed ogre
  9469 | D:9      | Killed a two-headed ogre
  9470 | D:9      | Reached XP level 10. HP: 61/78 MP: 10/10
  9641 | D:9      | Noticed Prince Ribbit
  9648 | D:9      | Reached skill level 10 in Shields
  9649 | D:9      | Killed Prince Ribbit
  9729 | D:9      | Noticed a two-headed ogre
  9736 | D:9      | Killed a two-headed ogre
  9805 | D:9      | Noticed Joseph
  9816 | D:9      | Killed Joseph
  9946 | D:9      | Noticed Maggie
  9959 | D:9      | Killed Maggie
 10177 | D:8      | Bought a shiny plate armour for 520 gold pieces
 10247 | D:10     | Entered Level 10 of the Dungeon
 10440 | D:10     | Found a staircase to the Lair.
 10850 | D:10     | Reached skill level 4 in Fighting
 10880 | D:10     | Reached skill level 5 in Fighting
 10880 | D:10     | Reached XP level 11. HP: 70/86 MP: 11/11
 11039 | D:10     | Found a transporter.
 11040 | D:10     | Noticed vvl's ghost (novice TrTm)
 11042 | D:10     | Noticed a two-headed ogre
 11043 | D:10     | Identified the cursed +1 great mace "Pitemuj" {pain, rElec
                  | rN++ Will-}
 11043 | D:10     | Noticed a two-headed ogre
 11047 | D:10     | Found a transporter.
 11071 | D:10     | Reached skill level 6 in Fighting
 11279 | D:11     | Noticed a red ugly thing
 11287 | D:11     | Killed a red ugly thing
 11288 | D:11     | Reached skill level 7 in Fighting
 11313 | D:11     | Noticed a manticore
 11317 | D:11     | Killed a manticore
 11626 | D:11     | Noticed a manticore
 11638 | D:11     | Killed a manticore
 11639 | D:11     | Reached skill level 8 in Fighting
 11949 | D:11     | Killed an unseen horror
 11950 | D:11     | Reached skill level 9 in Fighting
 12058 | D:11     | Reached skill level 1 in Evocations
 12387 | D:11     | Noticed a cyclops
 12395 | D:11     | Killed a cyclops
 12588 | D:11     | Noticed Sonja
 12591 | D:11     | Noticed Sonja
 12591 | D:11     | Sonja changed into Sonja the rime drake
 12599 | D:11     | Killed Sonja the rime drake
 12733 | D:11     | Found a staircase to the Orcish Mines.
 13020 | Lair:1   | Entered Level 1 of the Lair of Beasts
 13221 | Lair:1   | Reached skill level 1 in Throwing
 14231 | Lair:2   | Noticed a necromancer
 14243 | Lair:2   | Killed a necromancer
 14421 | Lair:2   | Noticed a boulder beetle
 14432 | Lair:2   | Killed a boulder beetle
 14433 | Lair:2   | Reached skill level 5 in Throwing
 14433 | Lair:2   | Reached XP level 12. HP: 81/104 MP: 12/12
 14993 | Lair:2   | Found a staircase to the Snake Pit.
 15692 | Lair:3   | Found a runed translucent gate.
 15693 | Lair:3   | Found a runed translucent gate.
 15694 | Lair:3   | Found a runed translucent gate.
 15705 | Lair:3   | Noticed a four-headed hydra
 15714 | Lair:3   | Killed a one-headed hydra
 16232 | Lair:3   | Noticed a seven-headed hydra
 16242 | Lair:3   | Killed a four-headed hydra
 16293 | Lair:3   | Bought an uncursed ring of see invisible for 270 gold
                  | pieces
 16375 | Lair:3   | Noticed voltaire321's ghost (journeyman MfGl)
 17419 | Lair:4   | Found a staircase to the Shoals.
 17719 | Lair:5   | Noticed a six-headed hydra
 17724 | Lair:5   | Killed a five-headed hydra
 17996 | Lair:5   | Noticed a boulder beetle
 18009 | Lair:5   | Killed a boulder beetle
 18041 | Lair:5   | Reached XP level 13. HP: 101/111 MP: 13/13
 18128 | Lair:5   | Reached skill level 15 in Axes
 18486 | Lair:5   | Found a staircase to the Slime Pits.
 19331 | Lair:6   | Entered Level 6 of the Lair of Beasts
 19417 | Lair:6   | Reached skill level 10 in Fighting
 19479 | Lair:6   | Reached skill level 11 in Fighting
 19666 | Lair:6   | Reached XP level 14. HP: 112/124 MP: 14/14
 19854 | Lair:6   | Reached skill level 12 in Fighting
 19957 | Lair:6   | Found an ornate altar of the Wu Jian Council.
 19969 | Lair:6   | Found a hide-covered altar of Uskayaw.
 20068 | Lair:6   | Reached skill level 13 in Fighting
 20430 | Lair:6   | Found a burning altar of Makhleb.
 20446 | Lair:6   | Reached skill level 14 in Fighting
 20694 | Lair:6   | Found a gateway to Hell.
 20707 | Lair:6   | Got a blackened arbalest
 20708 | Lair:6   | Identified the +9 arbalest of the Several Teeth {elec,
                  | *Corrode rF+ MP+9 Dex+4} (You found it on level 6 of the
                  | Lair of Beasts)
 21192 | D:12     | Reached skill level 15 in Fighting
 21569 | D:12     | Noticed Josephine
 21576 | D:12     | Noticed Psyche
 21593 | D:12     | Killed Josephine
 21601 | D:12     | Killed Psyche
 21756 | D:12     | Noticed Erolcha
 21761 | D:12     | Killed Erolcha
 21762 | D:12     | Reached XP level 15. HP: 141/141 MP: 15/15
 21766 | D:12     | Noticed Urug
 21776 | D:12     | Killed Urug
 21940 | D:12     | Reached skill level 10 in Armour
 22463 | D:13     | Found a flagged portal.
 22469 | Bailey   | Entered a bailey
 22658 | Bailey   | Identified a scroll of acquirement
 22658 | Bailey   | Acquired 998 gold pieces
 23384 | D:13     | Found a large runed translucent door.
 23387 | D:13     | Found a large runed translucent door.
 23586 | D:13     | Noticed Wipuing's ghost (journeyman MiBe)
 23604 | D:13     | Killed Wipuing's ghost
 23876 | D:14     | Found a gate to the Vaults.
 24390 | D:14     | Found Pafumun's Distillery.
 24403 | D:14     | Bought a potion of berserk rage for 80 gold pieces
 25319 | Orc:1    | Entered Level 1 of the Orcish Mines
 25913 | Orc:2    | Entered Level 2 of the Orcish Mines
 26089 | Orc:2    | Found a dark tunnel.
 26097 | Volcano  | Entered a volcano
 26516 | Orc:2    | Found a roughly hewn altar of Beogh.
 26607 | Orc:2    | Reached skill level 16 in Fighting
 27278 | Orc:2    | Found a staircase to the Elven Halls.
 27425 | Orc:2    | Found Vilo's Jewellery Shoppe.
 27425 | Orc:2    | Found Ceromat's General Store.
 27426 | Orc:2    | Found Juwkach's Weapon Emporium.
 27430 | Orc:2    | Found Xoryd's Distillery.
 27994 | D:15     | Entered Level 15 of the Dungeon
 28083 | D:15     | Reached XP level 16. HP: 151/151 MP: 16/16
 28287 | D:15     | Found a staircase to the Depths.
 29145 | Lair:3   | Bought the ring of the Kraken {rPois MP+9 Dex-4 SInv} for
                  | 486 gold pieces
 29195 | Snake:1  | Entered Level 1 of the Snake Pit
 29442 | Snake:1  | Identified the amulet "Weitiuw" {Spirit rElec rC+ Int-5}
                  | (You found it on level 1 of the Snake Pit)
 29678 | Snake:1  | Identified the +7 plate armour of Parts Unknown {+Fly} (You
                  | found it on level 1 of the Snake Pit)
 29996 | Snake:1  | Found Zoseakyj's Jewellery Shop.
 30817 | Snake:2  | Reached skill level 17 in Fighting
 31776 | Snake:3  | Acquired 911 gold pieces
 32454 | Snake:3  | Reached skill level 5 in Evocations
 32782 | Shoals:1 | Entered Level 1 of the Shoals
 32836 | Shoals:1 | Identified the +1 tower shield of Resonance {rPois Str+3
                  | Int+3 Dex-3}
 32836 | Shoals:1 | Noticed Louise
 33285 | Shoals:2 | Found Udif's Distillery.
 33568 | Shoals:2 | Found a runed translucent gate.
 33568 | Shoals:2 | Found a runed translucent gate.
 33568 | Shoals:2 | Found a runed translucent gate.
 33573 | Shoals:2 | Noticed Cedruin's ghost (adept DrAr)
 33723 | Shoals:2 | Found Urrevegi's Book Shop.
 33763 | Shoals:2 | Found Dac Nergh's Jewellery Shoppe.
 33771 | Shoals:2 | Found Abevan's Weapon Emporium.
 33845 | Shoals:2 | Identified the Papyrus of the Nocuous Compass
 34458 | Shoals:3 | Reached XP level 17. HP: 151/161 MP: 17/17
 34741 | Shoals:4 | Entered Level 4 of the Shoals
 34743 | Shoals:4 | Noticed Roxanne
 35131 | Shoals:4 | Your ally Cedruin died
 35146 | Shoals:4 | Your ally died
 35398 | Shoals:4 | Reached skill level 10 in Evocations
 35442 | Shoals:4 | Acquired 818 gold pieces
 35796 | Shoals:4 | Got a barnacled rune of Zot
 36094 | Snake:4  | Entered Level 4 of the Snake Pit
 36094 | Snake:4  | Found a broken altar of Ashenzari.
 37337 | Snake:4  | Got a serpentine rune of Zot
 37671 | Vaults:1 | Entered Level 1 of the Vaults
 38078 | Vaults:1 | Found Lalur's Weapon Shoppe.
 38322 | Vaults:1 | Found Butabotz's Distillery.
 38486 | Vaults:1 | Found Xidualos's General Store.
 38905 | Vaults:1 | Reached XP level 18. HP: 169/169 MP: 18/18
 39495 | Vaults:2 | Found a staircase to the Crypt.
 39495 | Vaults:2 | Found a basalt altar of Yredelemnul.
 39496 | Vaults:2 | Found an ancient bone altar of Kikubaaqudgha.
 39746 | Vaults:2 | Noticed Asterion
 39912 | Vaults:2 | Reached skill level 15 in Evocations
 40087 | Vaults:2 | Identified the +5 chain mail of the Endless Expanse {+Fly
                  | rPois} (You found it on level 2 of the Vaults)
 40330 | Vaults:2 | Found Toiq's Antique Armour Shoppe.
 40338 | Vaults:2 | Bought a pair of transparent gloves for 351 gold pieces
 40338 | Vaults:2 | Bought a pair of transparent gloves for 351 gold pieces
 40340 | Vaults:2 | Identified the +0 pair of gloves of Cowardice {rC+ Dex+2}
                  | (You bought it in a shop on level 2 of the Vaults)
 40341 | Vaults:2 | Identified the cursed -5 pair of gloves of Lightning Storm
                  | {Str+2} (You bought it in a shop on level 2 of the Vaults)
 40546 | Vaults:2 | Noticed Sojobo
 40932 | Vaults:3 | Paralysed by a sphinx for 6 turns
 42125 | Vaults:3 | Found a portal to a secret trove of treasure.
 42151 | Vaults:3 | Reached XP level 19. HP: 135/177 MP: 19/19
 42393 | Vaults:3 | Found a runed translucent door.
 42395 | Vaults:3 | Noticed rgaf's ghost (adept FoFi)
 43420 | Vaults:3 | Identified the cursed +0 mace of Rubbish {elec, *Drain
                  | Str+8} (You found it on level 3 of the Vaults)
 43785 | Vaults:4 | Found Riol's Jewellery Emporium.
 44090 | Vaults:4 | Found Huykon's Magic Scroll Emporium.
 44093 | Vaults:4 | Bought a scroll of acquirement for 676 gold pieces
 44093 | Vaults:4 | Acquired 632 gold pieces
 44269 | Vaults:4 | Noticed Donald
 44283 | Vaults:4 | Killed Donald
 45181 | Depths:1 | Entered Level 1 of the Depths
 45611 | Depths:1 | Found a one-way gate to the infinite horrors of the Abyss.
 46459 | Depths:1 | Found Nytsuat's Weapon Boutique.
 46573 | Depths:1 | Noticed the Enchantress
 46588 | Depths:1 | Killed the Enchantress
 46590 | Depths:1 | Reached XP level 20. HP: 75/184 MP: 20/20
 47565 | Depths:1 | Found a one-way gate leading to the halls of Pandemonium.
 48131 | Depths:2 | Reached skill level 15 in Armour
 48448 | Depths:2 | Reached skill level 18 in Fighting
 48550 | Depths:2 | Identified the +1 cloak "Goyrany" {Will+++} (You found it
                  | on level 2 of the Depths)
 49781 | Depths:3 | Found a gateway to a ziggurat.
 49790 | Depths:3 | Found Nylekosi's Distillery.
 49790 | Depths:3 | Found Meugos's Antique Armour Shop.
 49791 | Depths:3 | Found the +7 sceptre of Torment {pain, torment}
 49817 | Depths:3 | Bought a runed helmet for 300 gold pieces
 50516 | Depths:3 | Reached skill level 19 in Fighting
 50681 | Depths:3 | Reached XP level 21. HP: 180/198 MP: 21/21
 51384 | Depths:4 | Found a snail-covered altar of Cheibriados.
 52224 | Depths:4 | Found a corrupted altar of Lugonu.
 53072 | Depths:5 | Entered Level 5 of the Depths
 53072 | Depths:5 | Noticed a golden dragon
 53088 | Depths:5 | Killed a golden dragon
 53235 | Depths:5 | Reached skill level 20 in Fighting
 53656 | Depths:5 | Noticed a golden dragon
 53872 | Depths:5 | Noticed a golden dragon
 53894 | Depths:4 | Killed a golden dragon
 54585 | Depths:4 | Killed a golden dragon
 55538 | Depths:5 | Reached XP level 22. HP: 176/211 MP: 22/22
 55714 | Depths:5 | Reached skill level 21 in Fighting
 55715 | Depths:5 | Noticed an ancient lich
 55748 | Depths:5 | Killed an ancient lich
 56077 | Depths:5 | Identified the Catalogue of Unholy Magic
 56337 | Depths:5 | Found a gate to the Realm of Zot.
 57262 | Vaults:1 | Bought a potion of heal wounds for 100 gold pieces
 57262 | Vaults:1 | Bought 2 potions of might for 160 gold pieces
 57262 | Vaults:1 | Bought a potion of might for 80 gold pieces
 57262 | Vaults:1 | Bought a potion of might for 80 gold pieces
 57262 | Vaults:1 | Bought a potion of invisibility for 160 gold pieces
 57622 | Vaults:5 | Entered Level 5 of the Vaults
 57647 | Vaults:5 | Reached skill level 15 in Shields
 57677 | Vaults:5 | Identified the +1 robe of Kuibif {rN+ Int+4 Dex+3}
 57777 | Vaults:5 | Identified Sif Muna's Papyrus of Stones
 57787 | Vaults:5 | Identified the Reference Book on Clay and Slavery
 57941 | Vaults:5 | Identified the Grimoire of Poisonous Cold
 57998 | Vaults:5 | Noticed a golden dragon
 58008 | Vaults:5 | Killed a golden dragon
 58156 | Vaults:4 | Reached skill level 1 in Slings
 59141 | Vaults:5 | Identified the +4 chain mail of the Bulwark {+Blink Slay+4}
 59874 | Vaults:5 | Noticed a golden dragon
 59885 | Vaults:5 | Killed a golden dragon
 59886 | Vaults:5 | Reached skill level 5 in Slings
 60141 | Vaults:5 | Noticed an ancient lich
 60159 | Vaults:5 | Killed an ancient lich
 60464 | Vaults:5 | Identified the ring of the Ten Howling Stars {Wiz Int+3}
 60517 | Vaults:5 | Noticed a golden dragon
 60523 | Vaults:5 | Killed a golden dragon
 60535 | Vaults:5 | Reached XP level 23. HP: 213/219 MP: 23/23
 60673 | Vaults:5 | Got a silver rune of Zot
 60846 | Vaults:5 | Noticed a golden dragon
 60852 | Vaults:5 | Killed a golden dragon
 61044 | Vaults:2 | Killed Sojobo
 61817 | D:8      | Bought a fine hat for 180 gold pieces
 61819 | D:8      | Identified the -4 hat of Bemub {Will+} (You bought it in a
                  | shop on level 8 of the Dungeon)
 61993 | Elf:1    | Entered Level 1 of the Elven Halls
 62092 | Elf:1    | Found a runed translucent gate.
 62093 | Elf:1    | Found a runed translucent gate.
 62094 | Elf:1    | Found a runed translucent gate.
 62096 | Elf:1    | Noticed Vatovie's ghost (journeyman MiBe)
 62124 | Elf:1    | Killed Vatovie's ghost
 62352 | Elf:1    | Identified the Collected Works on Supportive Conjuration
 62958 | Elf:2    | Reached skill level 10 in Slings
 63168 | Elf:2    | Found an ancient bone altar of Kikubaaqudgha.
 63168 | Elf:2    | Found Jiavvy's Antique Armour Shop.
 63315 | Elf:2    | Found a runed translucent door.
 63431 | Elf:2    | Found a runed translucent door.
 63552 | Elf:3    | Entered Level 3 of the Elven Halls
 63866 | Elf:3    | Found a gateway to a bazaar.
 63878 | Bazaar   | Entered a bazaar
 63897 | Bazaar   | Found Meme's Armour Shoppe.
 63908 | Bazaar   | Found Afanust's Magic Scroll Emporium.
 63936 | Bazaar   | Found Ynerisum's Jewellery Boutique.
 63952 | Bazaar   | Found Xoposkes's Gadget Emporium.
 63998 | Bazaar   | Bought a wand of acid (8) for 192 gold pieces
 63998 | Bazaar   | Bought a wand of acid (8) for 192 gold pieces
 64024 | Bazaar   | Bought the amulet of the Four Winds {rN+ Will+++ Clar} for
                  | 482 gold pieces
 64024 | Bazaar   | Found the amulet of the Four Winds {rN+ Will+++ Clar}
 64065 | Bazaar   | Bought a scroll of blinking for 97 gold pieces
 64065 | Bazaar   | Bought a scroll of fog for 26 gold pieces
 64267 | Elf:3    | Noticed Nikola
 64368 | Elf:3    | Your ally died
 64867 | Elf:3    | Identified the ring of the Invisible Hand {*Tele rN+ Dex+2}
 65000 | Elf:3    | Found Nugasch's Gadget Shop.
 65000 | Elf:3    | Found Ybuxzo's Jewellery Emporium.
 65001 | Elf:3    | Found Niggyerch's Jewellery Emporium.
 65019 | Elf:3    | Bought a wand of acid (7) for 286 gold pieces
 65023 | Elf:3    | Bought the ring "Alonik" {rF+ rN+ SInv} for 646 gold pieces
 65055 | Elf:3    | Identified the cursed +0 flail of Conscience {vorpal, rElec
                  | rPois}
 65109 | Elf:3    | Identified the cursed +3 mace of Death's Door {chaos, *Slow
                  | Str-4 Dex+10}
 65121 | Elf:3    | Identified the amulet of Vejug {Reflect rPois Str+4 Slay-6
                  | SH+5}
 65215 | Elf:3    | Identified the ring "Zuad" {rN+ MP+9 Str+4}
 65356 | Elf:3    | Identified the cursed ring of Grontol {*Drain rElec AC-4
                  | Int+7}
 65394 | Elf:3    | Identified the +5 great sword of Meluom {vorpal, rN++
                  | Dex+4}
 65712 | Elf:3    | Identified Sif Muna's Papyrus of Unstable Transformation
 65742 | Elf:3    | Identified the Volume of Combat Magic and Envenoming
 66379 | Lair:3   | Killed voltaire321's ghost
 66672 | Zot:1    | Entered Level 1 of the Realm of Zot
 66696 | Zot:1    | You fall into a shaft and drop 1 floor!
 67013 | Zot:2    | Noticed a golden dragon
 67035 | Zot:2    | Killed a golden dragon
 67368 | Zot:1    | Found a stormy altar of Qazlal.
 67368 | Zot:1    | Noticed an ancient lich
 67987 | Zot:2    | Reached XP level 24. HP: 216/228 MP: 23/23
 68325 | Zot:2    | Identified the +8 short sword of Darkness {drain, rN++
                  | Str-2} (You found it on level 2 of the Realm of Zot)
 68327 | Zot:2    | Noticed a curse toe
 68339 | Zot:2    | Killed a curse toe
 69311 | Zot:1    | Killed an ancient lich
 69966 | Zot:1    | Reached skill level 15 in Slings
 70959 | Zot:1    | Acquired 1051 gold pieces
 72092 | Vaults:2 | Bought an embroidered cloak for 277 gold pieces
 72092 | Vaults:2 | Bought a pitted cloak for 351 gold pieces
 72095 | Vaults:2 | Identified the +1 cloak "Pytuema" {-Tele Str+6 Dex+3} (You
                  | bought it in a shop on level 2 of the Vaults)
 72380 | Zig:1    | Entered Level 1 of a ziggurat
 72446 | Zig:2    | Entered Level 2 of a ziggurat
 72449 | Zig:2    | Noticed Lojot the pandemonium lord
 72463 | Zig:2    | Killed Lojot the pandemonium lord
 72710 | Zig:3    | Entered Level 3 of a ziggurat
 72762 | Zig:4    | Entered Level 4 of a ziggurat
 73048 | Zig:5    | Entered Level 5 of a ziggurat
 73191 | Zig:6    | Entered Level 6 of a ziggurat
 73199 | Zig:6    | Noticed Xeudi the pandemonium lord
 73210 | Zig:6    | Killed Xeudi the pandemonium lord
 73510 | Zig:7    | Entered Level 7 of a ziggurat
 73653 | Zig:8    | Entered Level 8 of a ziggurat
 73669 | Zig:8    | HP: 6/228 [bone dragon (11)]
 73670 | Zig:8    | Slain by a bone dragon

Illustrated notes

Levels and vault maps discovered:
D:1:      dpeg_arrival_ternary, layout_basic
D:2:      layout_rooms, general_overflow_altar,
          chequers_ecumenical_altar_simple_redux, minmay_vboxes
D:3:      layout_loops_ring
D:4:      cheibrodos_quashed, layout_gridville, overflow_temple_1_default
D:5:      layout_basic, nicolae_overflow_crystal_walls,
          hangedman_abyss_or_decor_stagger
D:6:      layout_layer_cave, minmay_temple_entry_enclosed_plants,
          uniq_blork_the_orc
D:7:      layout_rooms, uniq_crazy_yiuf_cottage
D:8:      layout_gridville, eat_drink_and_be_merry_uskayaw,
          okawaru_altar_gauntlet_db
D:9:      layout_roguey, grunt_temple_overflow_open, uniq_prince_ribbit1,
          uniq_maggie, uniq_joseph
D:10:     layout_roguey, lair_entry_dummy, gammafunk_ghost_smash
D:11:     layout_loops_corners, erik_orc_2, ebering_dispersal_statue_hall,
          uniq_sonja
D:12:     minmay_the_grid_4x2 [minmay_the_grid_plusring,
          minmay_the_grid_minigrid_small_alt, minmay_the_grid_stretched_grid,
          minmay_the_grid_holed_spiral, minmay_the_grid_doors,
          minmay_the_grid_small_cups, minmay_the_grid_pillar_ring,
          minmay_the_grid_prize_inner_circle], layout_rooms, uniq_urug,
          uniq_psyche, uniq_erolcha, uniq_josephine
D:13:     layout_basic, enter_bailey_4, ebering_ghost_disaster_area,
          kennysheep_pointless_box
D:14:     layout_loops_ring, david_vaults_5, kennysheep_cross_room,
          serial_shops, shop
D:15:     grunt_enter_depths_giant_problem, layout_irregular_city,
          nicolae_lava_and_water
Lair:1:   layout_layer_cave
Lair:2:   layout_small_grid, minmay_snake_entry_six_corridors,
          eino_house_with_fridge
Lair:3:   layout_hall_layers, ebering_ghost_rock_garden
Lair:4:   layout_long_grid, elwin_shoals_entry_rooms, lemuel_fruit_tree
Lair:5:   layout_cave_pods, minmay_slime_entry_jelly_boxes, serial_forest,
          infiniplex_forest_clump_medium, infiniplex_forest_lined_3_way,
          infiniplex_forest_zigzag_1, infiniplex_forest_corner_1, st_stairs_5,
          nicolae_quartered_pool_little, minmay_lair_oklob_chamber
Lair:6:   evil_forest, layout_cave_pods, nzn_masters_of_martial_movement
Shoals:1: layout_shoals, uniq_louise
Shoals:2: layout_shoals, gammafunk_ghost_split, serial_shops, shop_statue, shop,
          shop, shop
Shoals:3: layout_shoals
Shoals:4: shoals_end_grunt_garden, layout_shoals, nicolae_shoals_wave_tunnel,
          uniq_roxanne
Snake:1:  layout_grid_maze, serial_shops, shop_fountains,
          nicolae_snake_squiggles
Snake:2:  layout_cave_town, nicolae_snake_single_loop, nicolae_snake_shapes,
          grunt_megastairs_2
Snake:3:  layout_layer_cave
Snake:4:  snake_pit, layout_misc_corridors, basic_altar,
          hangedman_corner_corridor, grunt_megastairs_3
Orc:1:    layout_caves
Orc:2:    st_orc_mages, layout_caves, lightli_volcano_entry_magma_tube,
          basic_altar
Elf:1:    layout_gridlike, gammafunk_ghost_split, minmay_elf_sorcery
Elf:2:    layout_loops_ring, basic_altar, special_room
          [special_room_mythical_zoo], serial_shops, shop, uniq_jorgrun
Elf:3:    minmay_elf_hall_furrowed, layout_geoelf_grid, serial_shops,
          bzr_entry_islet, grunt_megastairs_4, minmay_shop_grove, uniq_nikola
Vaults:1: hangedman_vaults_snaps, nicolae_vaults_big_angled_halls,
          v_alt_pattern_4, nicolae_vaults_bisected_exclaves, v_misc_25,
          v_pattern_2, vaults_mumra_hexcomb, hangedman_vaults_cutoff,
          vaults_dpeg_ring, nicolae_vaults_bisected_slash,
          vaults_standard_mumra_x, layout_vaults_chaotic_city, serial_shops,
          nicolae_shop_behind_doors, nicolae_shop_statue_plus,
          nicolae_shop_stone
Vaults:2: minmay_crypt_entry_necro_gods, nicolae_vaults_windows_and_doors_thing,
          ontoclasm_vaults_ring_small, nicolae_vaults_sealed_display,
          nicolae_vaults_network_star, vaults_room_octagon,
          ontoclasm_vaults_claustrophobia, vaults_mumra_chevron_long, v_rooms_6,
          hangedman_vaults_unwind, vaults_room_stairs_pillars, vaults_room_pool,
          vaults_room_fours, vaults_room_large_hall,
          nicolae_vaults_little_squares_5, vaults_dpeg_encased_lava,
          layout_vaults_maze_bifur, serial_shops, shop, uniq_sojobo,
          uniq_asterion
Vaults:3: ebering_vaults_ghost_reflecting_pool, ontoclasm_vaults_spin,
          v_misc_31, vaults_dpeg_cross, st_octagons_2, hangedman_vaults_stream,
          vaults_dpeg_spiral, nicolae_vaults_little_ls, vaults_room_pools,
          vaults_dpeg_diagonal, layout_vaults_ring, enter_trove_1
Vaults:4: v_misc_33, nicolae_vaults_yaktaur_gun_rack, vaults_room_ringed_pool,
          v_misc_10, nicolae_vaults_specimen_jars, v_misc_10, vaults_mumra_hex,
          nicolae_vaults_theta, vaults_room_fours, layout_vaults_omnicross,
          serial_shops, nicolae_shop_behind_doors, shop, uniq_donald
Vaults:5
Depths:1: layout_honeycomb, serial_glass, glass_columns_a, glass_columns_b,
          serial_shops, shop, rand_demon_pan_entry_7, abyss_entry, hell_entry,
          minmay_misc_feat_pillars, chequers_jeans, minmay_misc_feat_enclosed,
          chequers_serial_rivers_large_a, uniq_enchantress
Depths:2: hangedman_cross_veins, layout_gridlike, infiniplex_staircase_river,
          grunt_pan_entry_zigzag, grunt_hell_entry_dis_grunt, item_on_display_a
Depths:3: minmay_three_patterns, layout_cave_shapes, enter_ziggurat_c,
          hell_entry, rand_demon_pan_entry_8, minmay_shoptagon,
          infiniplex_staircase_spiral_double
Depths:4: kennysheep_six_static_rooms, layout_gridlike,
          pf_hell_entry_tar_spiral, abyss_entry_flame_altar,
          kennysheep_cross_bottleneck, cheibriados_altar_1,
          infiniplex_staircase_pool_1
Depths:5: grunt_crosshair, layout_cave_pools, special_room
          [special_room_morgue], nrook_campfire, hell_entry,
          lightli_enter_wizlab_magi_temple, patterned_corridor
Zot:1:    regret_index_qazlal_generations, layout_basic
Zot:2:    layout_onion_interference, st_stairs_5, st_small_dragon_hoard_1
Zig:8

Skill      XL: |  1  2  3  4  5  6  7  8  9 10 11 12 13 14 15 16 17 18 19 20 21 22 23 24 |
---------------+-------------------------------------------------------------------------+-----
Axes           | 3 4 5 6 7 10 11 14 17 | 17.7
Maces & Flails | 3 4 |  4.7
Armour         | 6 7 9 13 14 16 18 | 18.7
Shields        | 9 12 13 14 15 | 15.0
Fighting       | 5 9 11 15 16 17 19 20 21 | 21.3
Evocations     | 3 8 13 17 19 20 | 20.0
Throwing       | 5 7 9 |  9.5
Slings         | 7 13 16 | 16.5

Action                   |  1- 3 |  4- 6 |  7- 9 | 10-12 | 13-15 | 16-18 | 19-21 | 22-24 || total
-------------------------+-------+-------+-------+-------+-------+-------+-------+-------++-------
Melee: War axe           |    81 |   100 |    33 |       |       |       |       |       ||   214
       Whip              |       |    76 |   116 |       |       |       |       |       ||   192
       Broad axe         |       |       |   141 |   517 |   913 |   852 |   810 |   924 ||  4157
 Fire: Fustibalus        |       |       |       |       |       |       |       |    49 ||    49
Throw: Dart              |    14 |    48 |    64 |    70 |   411 |    50 |       |    61 ||   718
       Stone             |       |       |    17 |    15 |       |       |       |       ||    32
       Boomerang         |       |       |       |    81 |    55 |       |       |       ||   136
       Javelin           |       |       |       |    22 |    32 |    79 |   186 |    18 ||   337
       Throwing net      |       |       |       |       |       |       |       |     4 ||     4
Invok: Call Merchant     |       |       |     1 |     1 |       |       |       |       ||     2
       Potion Petition   |       |       |       |       |     1 |       |       |     4 ||     5
       Bribe Branch      |       |       |       |       |       |     4 |       |     3 ||     7
Evoke: Wand              |       |       |       |    15 |     7 |    36 |    17 |    22 ||    97
       Condenser vane    |       |       |       |       |     4 |     1 |     8 |     4 ||    17
       Phial of floods   |       |       |       |       |     2 |     1 |     5 |     5 ||    13
       Phantom mirror    |       |       |       |       |     1 |       |     3 |     3 ||     7
       Lightning rod     |       |       |       |       |     4 |     2 |     8 |     7 ||    21
       Tin of tremorston |       |       |       |       |       |       |    12 |     6 ||    18
       Box of beasts     |       |       |       |       |       |       |       |     2 ||     2
  Use: Scroll            |       |     1 |    20 |     5 |    16 |    24 |    12 |    24 ||   102
       Potion            |       |       |     1 |       |     3 |     1 |     4 |    14 ||    23
 Stab: Distracted        |       |       |     2 |     4 |     4 |     9 |     3 |    18 ||    40
       Confused          |       |       |       |       |     1 |       |     1 |       ||     2
       Paralysed         |       |       |       |       |       |     4 |       |       ||     4
Armor: Scale mail        |    52 |    49 |       |       |       |       |       |       ||   101
       Chain mail        |       |    24 |    64 |       |       |       |       |       ||    88
       Plate armour      |       |       |   113 |   167 |   291 |   325 |   326 |   560 ||  1782
Dodge: Dodged            |    29 |    51 |    61 |    60 |   119 |   136 |   129 |   218 ||   803
Block: Kite shield       |    58 |    77 |   181 |   451 |   769 |   764 |   645 |   725 ||  3670
       Reflection        |       |       |       |    19 |    41 |   125 |    67 |    45 ||   297

Table legend: (Time is in decaauts)
 A = Elapsed time spent in this place.
 B = Non-inter-level travel time spent in this place.
 C = Inter-level travel time spent in this place.
 D = Time resting spent in this place.
 E = Time spent auto-exploring this place.
 F = Levels seen in this place.
 G = Mean time per level.
                   A        B        C        D        E       F      G
               +--------+--------+--------+--------+--------+-----+--------+
         Total |  73516 |  67026 |   6490 |  20176 |  28133 |  57 | 1289.8 |
       Dungeon |  19209 |  16800 |   2409 |   4413 |   7748 |  15 | 1280.6 |
          Lair |   8419 |   7723 |    696 |   1454 |   4518 |   6 | 1403.2 |
        Shoals |   3437 |   3246 |    191 |    318 |   1155 |   4 |  859.2 |
     Snake Pit |   4922 |   4609 |    313 |    643 |   2697 |   4 | 1230.5 |
  Orcish Mines |   2268 |   2110 |    158 |    249 |    930 |   2 | 1134.0 |
   Elven Halls |   3822 |   3668 |    154 |    830 |   1680 |   3 | 1274.0 |
        Vaults |  12142 |  10450 |   1692 |   3357 |   4052 |   5 | 2428.4 |
        Depths |  11680 |  11061 |    619 |   5149 |   3516 |   5 | 2336.0 |
           Zot |   5104 |   4849 |    255 |   2764 |   1373 |   2 | 2552.0 |
      Ziggurat |   1270 |   1270 |      0 |    736 |    179 |   8 |  158.8 |
        Bazaar |    287 |    287 |      0 |      0 |     94 |   1 |  287.0 |
        Bailey |    613 |    613 |      0 |    163 |    159 |   1 |  613.0 |
       Volcano |    337 |    337 |      0 |     97 |     29 |   1 |  337.0 |
               +--------+--------+--------+--------+--------+-----+--------+

Top non-repeatable levels by time:
Depths:4: 3999 daAuts
Vaults:3: 3379 daAuts
   Zot:2: 2619 daAuts
Depths:1: 2592 daAuts
Vaults:2: 2565 daAuts
   Zot:1: 2485 daAuts
Vaults:1: 2432 daAuts
Vaults:5: 2294 daAuts
   Elf:3: 2213 daAuts
    D:11: 2187 daAuts
Depths:3: 2084 daAuts
    D:14: 2071 daAuts
     D:6: 1766 daAuts
     D:4: 1631 daAuts
   Orc:2: 1603 daAuts
